 Dungeon Crawl Stone Soup version 0.31-a0-963-ga325b2283a (webtiles) character file.

Game seed: 13169420764037000893

202 Forgeling the Ruffian (level 5, -6/33 HPs)
             Began as an Octopode Shapeshifter on Oct 25, 2023.
             Was an Initiate of Okawaru.
             Mangled by a gnoll
             ... wielding a +1 long sword of electrocution
              (7 damage)
             ... on level 3 of the Dungeon.
             The game lasted 00:05:32 (2834 turns).

Forgeling the Ruffian (Octopode Shapeshifter)       Turns: 2834, Time: 00:05:33

Health: -6/33      AC:  1    Str: 15    XL:     5   Next: 80%
Magic:  5/5        EV: 13    Int: 13    God:    Okawaru [......]
Gold:   145        SH:  0    Dex: 11    Spells: 4/4 levels left

rFire   . . .        a - +0 sling
rCold   . . .        (no shield)
rNeg    . . .        (helmet currently unavailable)
rPois   .            (no amulet)
rElec   .            (no ring)
rCorr   .            (no ring)
SInv    .            (no ring)
Will    .....        (no ring)
Stlth   +++          (no ring)
HPRegen 0.25/turn    (no ring)
MPRegen 0.09/turn    (no ring)
                     (no ring)

%: no passive effects
@: beast-form
A: beast (slay +1), almost no armour, amphibious, 8 rings, camouflage 1,
gelatinous body 1, (nimble swimmer 1), tentacles
a: Begin Untransformation, Renounce Religion


You were on level 3 of the Dungeon.
You worshipped Okawaru.
Okawaru was noncommittal.
You were a hulking beast.
You visited 1 branch of the dungeon, and saw 4 of its levels.

You collected 145 gold pieces.

Inventory:

Hand Weapons
 a - a +0 sling (weapon)
Missiles
 g - 3 boomerangs
 w - 5 silver javelins
Talismans
 b - a beast talisman
 c - a flux talisman
Scrolls
 e - a scroll of blinking {unknown}
 h - a scroll of silence {unknown}
 i - a scroll of enchant weapon {unknown}
 l - a scroll of revelation {unknown}
 m - a scroll of amnesia {unknown}
 P - a scroll of poison
 V - a scroll of vulnerability
 Y - 4 scrolls of teleportation {@r3}
Potions
 d - a potion of ambrosia {unknown}
 f - a potion of attraction {unknown}
 j - a potion of mutation {unknown}
 k - a potion of curing {unknown}
 W - a potion of lignification


   Skills:
 - Level 1.0 Fighting
 - Level 2.0 Dodging
 - Level 4.0 Stealth
 + Level 5.5 Unarmed Combat
 - Level 3.0 Shapeshifting


You had 4 spell levels left.
You didn't know any spells.
Your spell library contained the following spells:

 Spells                   Type           Power      Damage    Failure   Level
 Sublimation of Blood     Necr           0%         N/A       43%         2
 Wereblood                Tmut           0%         N/A       43%         2
 Dimensional Bullseye     Hex/Tloc       0%         N/A       97%         4
 Iskenderun's Mystic Bla  Conj/Tloc      0%         2d3       97%         4
 Tukima's Dance           Hex            Unusable   N/A       N/A         3
 Summon Hydra             Summ           Unusable   N/A       N/A         7

Dungeon Overview and Level Annotations

Branches:
Dungeon (4/15)
 Temple: D:4-7

Altars:
Makhleb
Okawaru
Zin

Annotations:
D:3 Grinder


Innate Abilities, Weirdness & Mutations

You are a hulking beast.
Your limbs bulge with bestial killing power. (Slay +1)
You cannot wear most types of armour.
You are amphibious.
You can wear up to eight rings at the same time.
Your skin changes colour to match your surroundings (Stealth+).
Your rubbery body absorbs attacks. (AC +1, EV +1)
((You are camouflaged when in or above water. (Stealth+)))
You have tentacles for arms and can constrict up to eight enemies at once.


Message History

There is a stone staircase leading up here.
You shoot a sling bullet. The sling bullet hits the gnoll.
The gnoll is heavily wounded.
The gnoll hits you with a +0 club.
You climb upwards.
Level annotation: Grinder
There is a stone staircase leading down here.
You shoot a sling bullet. The sling bullet hits the gnoll.
You kill the gnoll!
You hear a shout!
Unknown command.
Unknown command.
HP restored.
You climb downwards.
There is a stone staircase leading up here.
The gnoll attacks as it pursues you!
Unknown command.
The gnoll attacks as it pursues you! The gnoll attacks as it pursues you!
There is a stone staircase leading up here.
You climb upwards.
Level annotation: Grinder
There is a stone staircase leading down here.
You shoot a sling bullet.
The sling bullet barely misses the gnoll.
The gnoll hits you with a +1 long sword of electrocution!
You shoot a sling bullet. The sling bullet hits the gnoll.
The gnoll is lightly wounded.
The gnoll hits you with a +1 long sword of electrocution!
* * * LOW HITPOINT WARNING * * *
You shoot a sling bullet. The sling bullet hits the gnoll.
The gnoll is moderately wounded.
You shoot a sling bullet.
The sling bullet closely misses the gnoll.
The gnoll hits you with a +1 long sword of electrocution!
* * * LOW HITPOINT WARNING * * *
You shoot a sling bullet.
The sling bullet barely misses the gnoll.
The gnoll hits you with a +1 long sword of electrocution!
You die...

#.....# #.....# #######
#####.....# ###.....#
##.........# #...#.(.#
##..........# ..###.###
#...........# .## #.#
#...........# .# ##.#
#.g.........# .###..#
#####.h........<# )##..##
#.............###
<##.#######.............#
))......................#
†..########.............#
..## ######.............#
#.# ##..................#
#.# #.......####.......##
..###..###### ##.....##


You could see a gnoll.

Vanquished Creatures
  Jessica (D:3)
  Robin (D:2)
  4 gnolls (D:3)
  5 adders
  2 worms (D:2)
  A dart slug (D:1)
  An orc (D:3)
  11 endoplasms
  2 giant cockroaches (D:1)
  8 goblins
  8 hobgoblins
  4 jackals (D:3)
  6 kobolds
  3 quokkas
  5 ball pythons
  3 bats
  5 frilled lizards
  5 rats
75 creatures vanquished.

Notes
Turn   | Place    | Note
-------+----------+-------------------------------------------
     0 | D:1      | Forgeling the Octopode Shapeshifter began the quest for the
                  | Orb.
     0 | D:1      | Reached XP level 1. HP: 13/13 MP: 1/1
    28 | D:1      | Reached skill level 1 in Stealth
    59 | D:1      | Reached XP level 2. HP: 18/18 MP: 2/2
   588 | D:1      | Reached XP level 3. HP: 23/23 MP: 3/3
  1416 | D:2      | Found a glowing silver altar of Zin.
  1431 | D:2      | Reached skill level 4 in Unarmed Combat
  1431 | D:2      | Reached XP level 4. HP: 25/28 MP: 4/4
  2170 | D:3      | Noticed Jessica
  2179 | D:3      | Reached XP level 5. HP: 28/33 MP: 5/5
  2186 | D:3      | Killed Jessica
  2215 | D:3      | Reached skill level 5 in Unarmed Combat
  2258 | D:3      | Noticed Grinder
  2293 | D:3      | Noticed Robin
  2347 | D:2      | Killed Robin
  2686 | D:3      | Found a burning altar of Makhleb.
  2687 | D:3      | Found an iron altar of Okawaru.
  2691 | D:3      | Became a worshipper of Warmaster Okawaru
  2833 | D:3      | HP: 1/33 [gnoll/+1 long sword of electrocution (8)]
  2834 | D:3      | Mangled by a gnoll

Illustrated notes

Levels and vault maps discovered:
D:1:      shiori_arrival_elements, layout_loops_corners, minmay_tripent
D:2:      layout_loops_ring, basic_altar
D:3:      layout_rooms, gammafunk_temple_overflow_statue, uniq_robin,
          uniq_jessica, uniq_grinder
D:4:      layout_loops_cross

Skill      XL: |  1  2  3  4  5 |
---------------+----------------+-----
Stealth        | 1 2 3 4 |  4.0
Unarmed Combat | 4 5 |  5.5
Fighting       | |  1.0
Dodging        | |  2.0
Shapeshifting  | |  3.0

Action                     |  1- 3 |  4- 6 || total
---------------------------+-------+-------++-------
  Melee: Unarmed           |    40 |    52 ||    92
         Constrict         |    11 |    13 ||    24
         Tentacles         |     3 |     8 ||    11
         Punch             |       |     3 ||     3
   Fire: Sling             |    55 |    54 ||   109
    Use: Scroll            |     3 |       ||     3
   Stab: Sleeping          |     6 |       ||     6
         Distracted        |       |     1 ||     1
 Armour: Skin              |    17 |    37 ||    54
  Dodge: Dodged            |    19 |    44 ||    63

Table legend: (Time is in decaauts)
 A = Elapsed time spent in this place.
 B = Non-inter-level travel time spent in this place.
 C = Inter-level travel time spent in this place.
 D = Time resting spent in this place.
 E = Time spent auto-exploring this place.
 F = Levels seen in this place.
 G = Mean time per level.
                   A        B        C        D        E       F      G
               +--------+--------+--------+--------+--------+-----+--------+
         Total |   2851 |   2716 |    135 |    387 |   1747 |   4 |  712.8 |
       Dungeon |   2851 |   2716 |    135 |    387 |   1747 |   4 |  712.8 |
               +--------+--------+--------+--------+--------+-----+--------+

Top non-repeatable levels by time:
     D:1: 1015 daAuts
     D:2: 878 daAuts
     D:3: 866 daAuts
     D:4: 90 daAuts
